Map: Blackburn LE

Players

Erik

  • Race: Zerg Zerg
  • League: Master

SpeCial - Winner!

  • Race: Terran Terran
  • League: Master

Event: DreamHack SC2 Masters 2021 Summer

VOD

Have the link to the VOD?

Description

Time

  • Played on: May 30, 2021, 7:14 p.m.
  • Length: 11:02

All games in this series

Show
View Real Time Build Order
Export as new Build Order

Erik Zerg 

Build Orders: Hatch First 

Get SALT Encoding   

  12  0:00  Drone  
  13  0:12  Overlord  
  13  0:17  Drone  
  14  0:30  Drone x2  
  16  0:48  Hatchery  
  15  0:51  Drone  
  15  0:54  Drone  
  17  0:57  Drone  
  18  1:09  Extractor  
  17  1:13  Spawning Pool  
  17  1:16  Drone  
  17  1:20  Drone  
  18  1:28  Drone  
  19  1:38  Drone  
  20  1:49  Drone  
  21  2:00  Queen x2  
  27  2:01  Zergling x4  
  27  2:15  Hatchery  
  26  2:20  Overlord  
  26  2:22  Drone  
  27  2:28  Spore Crawler  
  26  2:30  Drone  
  26  2:32  Metabolic Boost  
  28  2:39  Drone x2  
  28  2:43  Drone  
  32  2:44  Drone  
  32  2:49  Overlord  
  32  2:54  Drone x2  
  34  3:01  Queen  
  36  3:09  Drone x3  
  36  3:11  Drone  
  40  3:18  Overlord  
  40  3:21  Drone x2  
  42  3:27  Queen  
  42  3:28  Overlord  
  42  3:31  Zergling x2  
  42  3:32  Zergling x2  
  46  3:39  Queen  
  48  3:44  Roach Warren  
  47  3:48  Drone x2  
  47  3:49  Drone  
  47  3:51  Drone  
  47  3:52  Drone  
  47  3:54  Drone  
  53  3:56  Drone  
  53  4:01  Drone  
  55  4:08  Drone x3  
  58  4:15  Extractor, Drone x6  
  63  4:19  Spore Crawler  
  63  4:21  Spore Crawler  
  61  4:29  Roach x3  
  65  4:32  Spore Crawler  
  65  4:36  Overlord x2  
  65  4:37  Zergling x2  
  62  4:46  Drone x4  
  62  4:54  Drone x7  
  66  5:01  Drone x3  
  65  5:08  Lair  
  65  5:11  Drone x2  
  67  5:17  Drone x4  
  71  5:24  Drone x3  
  71  5:26  Spore Crawler  
  73  5:31  Extractor  
  73  5:33  Extractor  
  73  5:35  Drone x3  
  74  5:39  Extractor  
  74  5:41  Extractor, Evolution Chamber  
  71  5:43  Evolution Chamber  
  67  5:53  Drone x7  
  74  6:01  Overlord  
  74  6:02  Drone  
  74  6:07  Overseer, Overlord  
  74  6:09  Zerg Missile Weapons Level 1, Zerg Ground Armor Level 1  
  72  6:12  Overlord  
  72  6:19  Glial Reconstitution  
  72  6:20  Drone x2  
  72  6:23  Drone x2  
  72  6:24  Drone x6  
  82  6:26  Hatchery  
  82  6:32  Roach x3  
  87  6:37  Infestation Pit  
  87  6:39  Roach x3  
  92  6:45  Roach x3  
  98  6:53  Overlord x4  
  98  7:12  Zergling x8  
  98  7:13  Zergling x6  
  98  7:15  Roach x6  
  117  7:16  Ravager x4  
  117  7:18  Pathogen Glands  
  121  7:28  Overlord  
  121  7:29  Overlord x2  
  121  7:37  Overlord  
  121  7:39  Queen  
  121  7:43  Drone  
  124  7:47  Drone x5, Extractor  
  124  7:49  Extractor  
  124  7:50  Hive  
  127  7:51  Spore Crawler, Hydralisk Den  
  127  7:53  Overseer  
  125  8:00  Infestor x2  
  125  8:04  Drone x2  
  125  8:05  Drone x3  
  131  8:14  Overlord  
  131  8:16  Infestor  
  131  8:18  Roach  
  131  8:19  Roach x2  
  136  8:30  Lurker Den  
  136  8:32  Zergling x34  
  136  9:01  Roach x12  
  132  9:09  Roach x6  
  133  9:19  Roach  
  133  9:20  Roach x5  
  131  9:29  Roach x4  
  131  9:30  Roach x2  
  134  9:42  Roach x5  
  126  9:53  Roach x3  
  126  9:56  Ravager x2  
  126  9:58  Roach x2  
  138  10:01  Zergling x2  
  138  10:02  Zergling x2  
  136  10:10  Roach x2  
  91  10:22  Roach x3  
  91  10:28  Roach x10  
  109  10:39  Roach x2  
  106  10:51  Hatchery  
Show
View Real Time Build Order
Export as new Build Order

SpeCial Terran - Winner!

Build Orders: Reaper Expand, Hellion Banshee 

Get SALT Encoding   

  12  0:00  SCV  
  13  0:13  SCV  
  14  0:18  Supply Depot  
  14  0:26  SCV  
  15  0:39  SCV  
  15  0:41  Barracks  
  16  0:44  Refinery  
  16  0:51  SCV  
  17  1:03  SCV  
  18  1:16  SCV  
  19  1:28  Reaper, Orbital Command  
  20  1:40  Command Center  
  20  1:54  SCV, Supply Depot  
  20  2:00  Marine  
  22  2:06  SCV  
  23  2:18  SCV, Factory  
  23  2:22  Barracks Reactor  
  24  2:31  SCV  
  25  2:39  Command Center  
  25  2:44  SCV  
  26  2:53  Orbital Command  
  26  2:56  SCV  
  27  3:06  Starport  
  27  3:09  Hellion  
  27  3:10  Hellion  
  27  3:12  SCV  
  32  3:16  Refinery  
  32  3:19  SCV  
  33  3:22  Barracks Tech Lab  
  33  3:24  SCV  
  34  3:31  SCV  
  34  3:33  Hellion x2  
  39  3:36  SCV  
  40  3:49  Banshee  
  40  3:50  SCV x2  
  40  3:52  Orbital Command  
  45  3:56  Hellion x2  
  45  3:59  Marine  
  50  4:03  SCV x2  
  52  4:11  Cloaking Field  
  52  4:17  SCV x2, Supply Depot  
  52  4:24  Orbital Command  
  54  4:29  SCV, Hellion x2  
  54  4:31  Barracks Tech Lab  
  59  4:32  SCV  
  60  4:38  Banshee  
  60  4:41  SCV, Supply Depot  
  60  4:44  SCV  
  65  4:49  SCV  
  65  4:51  Marine  
  66  4:53  SCV  
  66  4:54  Stimpack  
  66  4:56  SCV  
  62  5:01  SCV  
  62  5:03  Barracks  
  62  5:04  Barracks  
  62  5:05  SCV, Factory Reactor  
  58  5:08  SCV, Marine  
  58  5:09  Engineering Bay  
  58  5:10  Refinery  
  58  5:13  SCV  
  61  5:14  Refinery  
  61  5:15  Engineering Bay  
  61  5:18  SCV  
  61  5:20  SCV  
  63  5:25  SCV  
  63  5:26  Marine  
  65  5:30  SCV  
  65  5:32  SCV  
  67  5:37  SCV  
  67  5:40  Barracks x2  
  67  5:41  Starport Reactor  
  67  5:42  SCV  
  69  5:44  SCV, Marine  
  69  5:49  SCV  
  72  5:51  Terran Infantry Armor Level 1, Terran Infantry Weapons Level 1  
  72  5:53  Supply Depot  
  72  5:54  SCV  
  72  5:57  SCV  
  74  5:58  Marine x2  
  76  6:07  SCV, Marine, Siege Tank  
  76  6:10  SCV  
  76  6:11  SCV, Supply Depot  
  82  6:16  Marine  
  82  6:18  Marine x3  
  87  6:19  SCV, Medivac x2  
  87  6:22  SCV  
  93  6:28  Barracks Reactor x2  
  93  6:29  Supply Depot x2  
  93  6:32  SCV x2, Marine  
  96  6:33  Marine, Combat Shield  
  96  6:35  Marine x2  
  96  6:38  Refinery, SCV  
  100  6:41  Marine  
  101  6:50  Marine  
  101  6:51  SCV x2, Marine, Siege Tank  
  101  6:52  Supply Depot  
  108  6:55  Marine x2  
  108  6:58  Barracks  
  108  6:59  Barracks, Marine  
  111  7:01  Barracks  
  111  7:03  Armory  
  111  7:04  Marine  
  111  7:05  Marine, Supply Depot  
  111  7:07  Marine, Supply Depot  
  111  7:08  Marine, Medivac  
  114  7:13  Marine x3  
  114  7:14  Medivac  
  122  7:18  Marine  
  122  7:22  Marine x2  
  124  7:23  Supply Depot  
  124  7:24  Supply Depot  
  124  7:27  Marauder, Marine  
  128  7:31  Marine x2  
  128  7:35  Marine x3  
  133  7:37  Siege Tank  
  133  7:38  Medivac  
  133  7:39  Marine  
  133  7:40  Marine  
  133  7:43  Missile Turret  
  140  7:44  Supply Depot x2  
  140  7:45  Barracks Tech Lab, Medivac, Supply Depot  
  140  7:46  Barracks Tech Lab  
  140  7:47  Supply Depot  
  140  7:51  Barracks Tech Lab  
  142  7:53  Terran Infantry Weapons Level 2  
  142  7:56  Marauder, Marine x2  
  146  8:01  Marine x2  
  148  8:07  Marauder, Marine  
  148  8:11  Marauder, Marine  
  154  8:13  Siege Tank  
  154  8:15  Marauder  
  154  8:18  Marauder  
  161  8:20  Marine  
  161  8:24  Marine x5  
  164  8:29  Marauder  
  164  8:32  Terran Infantry Armor Level 2  
  164  8:33  Marauder  
  168  8:43  Marine x4  
  168  8:44  Marauder  
  168  8:46  Command Center  
  168  8:47  Siege Tank  
  177  8:53  Marine  
  177  8:54  Marauder  
  174  8:57  Marauder, Marine  
  174  8:58  Marine  
  174  8:59  Marauder  
  174  9:02  Marine x2  
  142  9:05  Marauder  
  145  9:10  Marine x3  
  145  9:11  Marine  
  145  9:15  Marauder, Marine  
  145  9:16  Marine  
  148  9:19  Widow Mine, Marauder, Marine  
  148  9:20  Marauder  
  148  9:23  Marine  
  151  9:26  Marauder, Concussive Shells  
  151  9:28  Marine  
  151  9:29  Marine  
  152  9:36  Marauder  
  151  9:40  Widow Mine, Marauder, Marine  
  151  9:41  Marauder, Medivac x2  
  151  9:43  Marine  
  151  9:44  Marine x2  
  160  9:48  Marauder  
  160  9:51  Marine x4  
  157  9:57  Marine  
  157  9:58  Refinery, Marauder  
  160  10:01  Marauder, Marine x2  
  160  10:02  Siege Tank  
  160  10:03  SCV, Marauder, Marine  
  171  10:08  Marine  
  171  10:09  Marauder, Marine  
  171  10:10  Marine  
  171  10:15  Marine  
  171  10:19  Marauder  
  171  10:21  Marine  
  157  10:23  Marauder  
  157  10:24  Marauder  
  157  10:25  SCV x2  
  161  10:29  Marine  
  161  10:30  Marauder  
  163  10:41  Marauder  
Tags
 
Add a new tag
Caveats
  • Supply blocks, unpowered buildings, or Contaminate may cause inaccurate times.
  • Supply counts are checked every 10 seconds.